[Event "Late-Titled-Tuesday-Blitz-June-04-2024"]
[Site "Chess.com"]
[Date "2024.06.04"]
[Round "8"]
[White "ArtemDyachuk"]
[Black "JSPrepz"]
[Result "1/2-1/2"]
[WhiteElo "2692"]
[BlackElo "2840"]
[TimeControl "180+1"]
[EndTime "15:27:39 PDT"]
[Termination "Game drawn - insufficient material"]

1. e4 e5 2. Nf3 Nc6 3. Bb5 f5 4. d3 fxe4 5. dxe4 Nf6 6. Nc3 Bb4 7. O-O Bxc3 8. bxc3 d6 9. Bc4 Qe7 10. Bg5 Be6 11.
Qd3 O-O 12. Rab1 Rab8 13. Bd5 Bxd5 14. Bxf6 Bxe4 15. Bxe7 Bxd3 16. Bxf8 Bxf1 17. Bxd6 cxd6 18. Kxf1 Kf8 19. Ke2 Ke7 20. Ke3 Na5 21. Rb4 Rc8 22. Kd3 b6 23. Rh4 h6 24. Rg4 Kf6 25. h4 Nb7 26. h5 Nc5+ 27. Ke2 Ne6 28. Nd2 d5 29. g3 Rxc3 30. Rg6+ Kf7 31. Nf3 Rxc2+ 32. Kd1 Rxf2 33. Nxe5+ Ke7 34. Nc6+ Kd6 35. Nd4 Rf6 36.
Rxf6 gxf6 37. Nf5+ Ke5 38. Nxh6 f5 39. Ng8 Nf8 40. Ne7 Ke6 41. Nc6 a5 42. Kd2 Nh7 43. Nd4+ Ke5 44. Ke3 Nf6 45. Nf3+ Kd6 46. h6 Ng4+ 47.
Kf4 Nxh6 48. Kg5 Ng4 49. Kxf5 Ne3+ 50. Kf4 Ng2+ 51. Kf5 b5 52. g4 b4 53. g5 Ne3+ 54. Kf4 Ng2+ 55. Kf5 a4 56. g6 Ke7 57. Ke5 b3 58.
axb3 axb3 59. Nd2 b2 60. Kxd5 Nf4+ 61. Kd4 Nxg6 62. Kc3 Ne5 63. Kxb2 1/2-1/2

[Event "Late-Titled-Tuesday-Blitz-June-04-2024"]
[Site "Chess.com"]
[Date "2024.06.04"]
[Round "8"]
[White "Sanan_Sjugirov"]
[Black "ENajer77"]
[Result "1-0"]
[WhiteElo "2951"]
[BlackElo "2858"]
[TimeControl "180+1"]
[EndTime "15:27:40 PDT"]
[Termination "Sanan_Sjugirov won on time"]

1. e4 e5 2. Nf3 Nc6 3. Bc4 Bc5 4. d3 Nf6 5. a4 d6 6. O-O O-O 7. c3 a5 8. Be3 Bxe3 9. fxe3 Ne7 10. Nbd2 Ng6 11.
Qe1 c6 12. h3 d5 13. exd5 cxd5 14. Bb5 Bd7 15. Bxd7 Qxd7 16. Nh4 Ra6 17. Nxg6 hxg6 18. Qh4 Re8 19. Rf2 Rb6 20. Rb1 e4 21. dxe4 Nxe4 22. Nxe4 Rxe4 23. Qg5 Rbe6 24. Rd1 R6e5 25. Qg3 Rxe3 26.
Qf4 R3e4 27. Qf3 g5 28. Rdf1 f6 29. Qd1 Qxa4 30. Qd3 Qc4 31. Qf3 a4 32. Qh5 Qc5 33. Kh2 Qd6 34. Kg1 Qc5 35. Kh2 Qc7 36. Kg1 Qf7 37.
Qd1 b5 38. Qd3 Qe8 39. Qd1 Qc6 40. Qh5 Qc5 41. Kh2 Qc7 42. Kg1 Qf7 43. Qd1 Qe6 44.
Qh5 Re1 45. Qg6 Rxf1+ 46. Rxf1 Qf7 47. Qd3 Qa7+ 48. Kh1 Qc5 49. Qg6 Qc4 50. Rxf6 Re1+ 51. Kh2 Qc7+ 52. g3 Re2+ 53. Kh1 Qe7 54. Rf1 Qe4+ 55.
Qxe4 dxe4 56. Rb1 Kf7 57. Kg1 Ke6 58. Kf1 Rh2 59. Kg1 Rxh3 60. Kg2 Rh8 61. Rd1 Rc8 62.
Rd4 Rc4 63. Rd8 1-0

[Event "Late-Titled-Tuesday-Blitz-June-04-2024"]
[Site "Chess.com"]
[Date "2024.06.04"]
[Round "8"]
[White "campochess"]
[Black "Godzillator"]
[Result "0-1"]
[WhiteElo "2184"]
[BlackElo "2416"]
[TimeControl "180+1"]
[EndTime "15:27:43 PDT"]
[Termination "Godzillator won on time"]

1. e4 d5 2. Nc3 d4 3. Nce2 e5 4. Nf3 Bd6 5. Ng3 g6 6. Bc4 Qe7 7. d3 Be6 8. Bb3 Bxb3 9. axb3 h5 10. Ne2 Nd7 11. c3 dxc3 12. bxc3 a6 13. O-O Nh6 14. h3 f6 15. Bxh6 Rxh6 16. Re1 g5 17. Nd2 h4 18. d4 Kf7 19. b4 Rg8 20. b5 axb5 21. Qb3+ Qe6 22. d5 Qe7 23. Qxb5 Nc5 24.
Nd4 exd4 25. cxd4 Nd7 26. Qxb7 g4 27. Qb3 gxh3 28. Qxh3 Rhg6 29. Qxh4 Rxg2+ 30. Kf1 Bb4 31. Rad1 Bxd2 32. Rxd2 Rg1+ 33. Ke2 Rxe1+ 34. Kxe1 Qb4 35.
Qh7+ Rg7 36. Qh5+ Kg8 37. Ke2 Nf8 38. Qf5 Qc4+ 39. Ke3 Qa6 40. Qh3 Rg1 41. Qh5 Qa3+ 42. Kf4 Qc1 43. Qe2 Ng6+ 44. Ke3 Re1 45. Kd3 Rxe2 46.
Kxe2 Qc4+ 47. Ke3 Kf7 48. f4 Kg7 49. f5 Nh4 50. Rd3 Qc1+ 51. Ke2 Ng2 52. Rg3+ Kh6 53. Rxg2 Qc2+ 54. Kf3 Qd3+ 55. Kf4 Qxd4 56. Rg6+ Kh5 57. Rg2 Qe5+ 58. Kf3 Qc3+ 59. Kf4 c6 60. dxc6 Qe5+ 61. Kf3 Qc3+ 62. Kf4 Qc1+ 63. Kf3 Qxc6 64. Rg6 Qc3+ 65.
Kf4 Qe5+ 66. Kf3 Kh4 0-1

[Event "Late-Titled-Tuesday-Blitz-June-04-2024"]
[Site "Chess.com"]
[Date "2024.06.04"]
[Round "8"]
[White "norwaytoadog"]
[Black "cristiano78"]
[Result "1-0"]
[WhiteElo "2339"]
[BlackElo "2231"]
[TimeControl "180+1"]
[EndTime "15:27:45 PDT"]
[Termination "norwaytoadog won on time"]

1. e4 c5 2. Nf3 d6 3. Bb5+ Bd7 4. Bxd7+ Qxd7 5. O-O Nc6 6. Qe2 e5 7. c3 Nf6 8. Rd1 Qg4 9. d3 Be7 10. Na3 a6 11. Nc4 O-O 12. Bg5 h6 13. Ne3 Qh5 14. Bxf6 Bxf6 15. Nd5 Qg6 16. Nd2 Ne7 17. Nb6 Rad8 18.
Ndc4 d5 19. exd5 Nxd5 20. Nxd5 Rxd5 21. Ne3 Rd7 22. c4 Rfd8 23. Nd5 b5 24. Rac1 b4 25. Qe4 Rd6 26. Qxg6 fxg6 27. Kf1 Kf7 28. Rc2 Ke6 29.
Ke2 h5 30. Kf3 Rxd5 31. cxd5+ Rxd5 32. Rc4 g5 33. Re4 g4+ 34. Ke2 Kf5 35. Rc1 Be7 36. Rh1 h4 37. f3 gxf3+ 38. Kxf3 g5 39. Ke2 Ke6 40. Rf1 a5 41. g3 hxg3 42. hxg3 a4 43. Rh1 Bf6 44. Rh6 Kf7 45. Re3 Kg7 46. Rh5 Kg6 47. g4 Rd4 48. Kf3 Rf4+ 49. Kg3 c4 50.
dxc4 Rxc4 51. Rh2 e4 52. Rd2 Be5+ 53. Kg2 Bf4 54. Ree2 Bxd2 55. Rxd2 Kf6 56. Kf2 Ke5 57. Ke3 Rc1 58. b3 axb3 59. axb3 1-0

[Event "Late-Titled-Tuesday-Blitz-June-04-2024"]
[Site "Chess.com"]
[Date "2024.06.04"]
[Round "8"]
[White "FXDon77"]
[Black "Evan_Attaker"]
[Result "1-0"]
[WhiteElo "2873"]
[BlackElo "2700"]
[TimeControl "180+1"]
[EndTime "15:27:46 PDT"]
[Termination "FXDon77 won by resignation"]

1. e4 d6 2. d4 Nf6 3. Nc3 g6 4. f4 Bg7 5. Bd3 O-O 6. Nf3 Na6 7. O-O c5 8. d5 Nc7 9. a4 a6 10. h3 Bd7 11. a5 Nb5 12. Re1 Rc8 13. Bc4 Nxc3 14.
bxc3 Bb5 15. Qd3 Bxc4 16. Qxc4 Rb8 17. Be3 b5 18. axb6 Rxb6 19. Bf2 Qa8 20. Ra5 Qb7 21. Kh2 Re8 22. Rea1 e6 23. dxe6 Rxe6 24. e5 Ne4 25. Bh4 dxe5 26. fxe5 h6 27. Re1 Bxe5+ 28. Nxe5 Rxe5 29. Ra4 Rbe6 30. Qd3 g5 31. Bg3 Nxg3 32. Rxe5 Rxe5 33. Qxg3 Re6 34. h4 Qd5 35. Rg4 Rg6 36.
c4 Qf5 37. hxg5 Rxg5 38. Qb8+ Kg7 39. Rf4 Qe5 40. Qxe5+ Rxe5 41. Rf3 Kg6 42. Ra3 Re2 43. Rxa6+ f6 44. Rc6 Re5 45. Kg3 Kg5 46. Kf3 h5 47. Rc8 Rf5+ 48. Ke3 Re5+ 49. Kf3 Rf5+ 50. Ke3 Kh4 51.
Rg8 Rg5 52. Rf8 Rxg2 53. Rxf6 Rxc2 54. Kd3 Rg2 55. Rf5 Rg5 56. Rf1 Kh3 57. Ke4 h4 58.
Rh1+ Kg3 59. Rg1+ Kf2 60. Rxg5 h3 61. Rxc5 1-0

[Event "Late-Titled-Tuesday-Blitz-June-04-2024"]
[Site "Chess.com"]
[Date "2024.06.04"]
[Round "8"]
[White "mbojan"]
[Black "jk13"]
[Result "0-1"]
[WhiteElo "2838"]
[BlackElo "2686"]
[TimeControl "180+1"]
[EndTime "15:27:50 PDT"]
[Termination "jk13 won by resignation"]

1. a3 d5 2. h3 Nf6 3. e3 e5 4. d4 Nbd7 5. c4 exd4 6. exd4 Be7 7. Nc3 O-O 8. Nf3 Re8 9. cxd5 Bxa3+ 10. Be2 Bb4 11. O-O Nb6 12. Bg5 h6 13. Bh4 Be7 14.
Bb5 Bd7 15. Bxd7 Nfxd7 16. Bxe7 Rxe7 17. d6 cxd6 18. Nb5 Nc8 19. Qd3 Nf6 20. Nc3 Nb6 21.
d5 a6 22. Nd4 g6 23. Nb3 Rc8 24. Na5 Rec7 25. Rfe1 Nc4 26. Nxc4 Rxc4 27. Qf3 Kg7 28. Re3 Qb6 29. Re2 R4c7 30. Rae1 Qb3 31. Qf4 Qc4 32. Qxd6 Rd7 33. Qe5 Re8 34. Qg3 Rxe2 35. Rxe2 Nxd5 36. Qe5+ Nf6 37. Re3 Qd4 38. Qxd4 Rxd4 39. Re7 Rb4 40. Re2 a5 41. Kf1 b6 42. Ke1 h5 43. Kd1 Rd4+ 44.
Kc2 Nd5 45. Nb5 Rb4 46. Nd6 Nf4 47. Re7 Nxg2 48. Rxf7+ Kg8 49. Rb7 Nf4 50. Ne8 Kf8 51.
Nf6 Nxh3 52. Rd7 Rf4 53. Nd5 Rxf2+ 54. Kc3 g5 55. Nxb6 g4 56. Nc4 g3 57. Ne3 Rf3 58. Kd2 g2 59. Nxg2 Rf2+ 60. Kc3 Rxg2 61. Rd5 Nf4 62. Rf5+ Kg7 63. Rxf4 Kg6 64. Ra4 Rg5 65.
Kd3 Re5 66. Kd4 Rb5 67. Ke3 Kg5 68. Kf3 Rb3+ 69. Kg2 Rxb2+ 70. Kh3 Rb5 71. Kg3 Rf5 72. Kh3 Kf6 73. Kg3 Ke6 74. Kh4 Kd6 75. Kg3 Kc5 76.
Ra1 Kb4 77. Rb1+ Kc3 78. Ra1 Kb2 79. Ra4 Kb3 80. Rf4 Rxf4 81. Kxf4 a4 0-1

[Event "Late-Titled-Tuesday-Blitz-June-04-2024"]
[Site "Chess.com"]
[Date "2024.06.04"]
[Round "8"]
[White "BabageldiAnnaberdiyev"]
[Black "Rodalquilar"]
[Result "0-1"]
[WhiteElo "2629"]
[BlackElo "2793"]
[TimeControl "180+1"]
[EndTime "15:27:53 PDT"]
[Termination "Rodalquilar won on time"]

1. e4 d5 2. exd5 Qxd5 3. Nc3 Qa5 4. d4 Nf6 5. Nf3 Bf5 6. Bd2 e6 7.
Bc4 Bb4 8. O-O Nc6 9. a3 Bxc3 10. Bxc3 Qb6 11. Qe2 O-O 12. Rad1 Rad8 13. h3 Rfe8 14.
Bb5 a6 15. Bxc6 Qxc6 16. Ne5 Qe4 17. Qxe4 Bxe4 18. Rc1 h6 19. Rfe1 Bf5 20. f3 h5 21. b3 h4 22. Bb2 Nd5 23. Kf2 Nf4 24.
Nc4 Bh7 25. Ne3 c5 26. dxc5 Rd2+ 27. Kf1 Nh5 28. Bc3 Ng3+ 29. Kg1 Re2 30. Be5 Rxe1+ 31. Rxe1 Rd8 32. Bd6 f6 33. Rd1 Ne2+ 34. Kf2 Nc3 35. Re1 Nb5 36. a4 Nxd6 37. cxd6 Rxd6 38. Re2 b5 39.
axb5 axb5 40. c3 Rd3 41. c4 Rxb3 42. cxb5 Rxb5 43. Rd2 Rb7 44. Ng4 Bf5 45. Ne3 Bg6 46.
Nc4 Rc7 47. Ne3 Bf7 48. Rb2 g5 49. Rd2 Kg7 50. Rc2 Rb7 51. Rd2 Bg6 52. Nc4 Rc7 53. Ne3 Be8 54. Rb2 Ba4 55. Ra2 Bb5 56. Rb2 Bd3 57. Rd2 Bg6 58. Rb2 Kf7 59. Rd2 f5 60.
Rc2 Rb7 61. Nc4 Kf6 62. Nd6 Rd7 63. Rc6 f4 64. Nc4 Bd3 65. Nb6 Rb7 0-1

[Event "Late-Titled-Tuesday-Blitz-June-04-2024"]
[Site "Chess.com"]
[Date "2024.06.04"]
[Round "8"]
[White "PotapovaM"]
[Black "AldokhinIvan"]
[Result "0-1"]
[WhiteElo "2550"]
[BlackElo "2652"]
[TimeControl "180+1"]
[EndTime "15:27:53 PDT"]
[Termination "AldokhinIvan won by checkmate"]

1. e4 c5 2. Nf3 e6 3. d4 cxd4 4. Nxd4 a6 5. c4 Qc7 6. Nc3 Nf6 7. Be2 d6 8. Be3 Nbd7 9. O-O b6 10. Qd2 Bb7 11. f3 Be7 12. Rfc1 Rc8 13. a4 O-O 14. a5 bxa5 15. Nb3 Qb8 16. Nxa5 Ba8 17. Na4 d5 18. cxd5 Rxc1+ 19. Rxc1 exd5 20. Nc6 Bxc6 21. Rxc6 dxe4 22. f4 Qb3 23. Bd1 Qb5 24. Rc7 Bb4 25.
Nc3 Qf5 26. g4 Nxg4 27. Ba7 Ndf6 28. h3 Nh6 29. Qe3 Qg6+ 30. Kh1 Nf5 31. Qg1 Qh6 32. Qf1 Bxc3 33. Rxc3 e3 34. Qf3 Rd8 35. Be2 Nh5 36. Kh2 Nhg3 37. Rc7 Qe6 38. Rc5 h5 39. Re5 Qd6 40.
Bc5 Qd2 41. Bb4 Qxb4 42. Re4 Qd6 43. Re5 Qf6 44. Rc5 g6 45. Rc6 Rd2 46. Rxf6 Rxe2+ 47.
Qxe2 Nxe2 48. Kg2 Nxf4+ 49. Kf3 Nd3 50. Rxa6 Nxb2 51. Ra8+ Kg7 52. Rc8 Nd3 53. Rc3 Ne5+ 54. Ke2 Kf6 55. Ra3 g5 56. Ra5 g4 57. hxg4 hxg4 58. Ra6+ Kg5 59. Ra5 f6 60. Rb5 Kf4 61.
Ra5 Nd4+ 62. Ke1 Ke4 63. Ra4 f5 64. Rb4 Nd3+ 65. Kd1 Nxb4 66. Ke1 Nd3+ 67. Kd1 e2+ 68. Kd2 e1=Q# 0-1

[Event "Late-Titled-Tuesday-Blitz-June-04-2024"]
[Site "Chess.com"]
[Date "2024.06.04"]
[Round "8"]
[White "BardArtem"]
[Black "jcibarra"]
[Result "1-0"]
[WhiteElo "2758"]
[BlackElo "2909"]
[TimeControl "180+1"]
[EndTime "15:27:54 PDT"]
[Termination "BardArtem won by checkmate"]

1. d4 Nf6 2. Nc3 d6 3. e4 e5 4. Nf3 exd4 5. Nxd4 Be7 6. Bf4 O-O 7. Qd2 d5 8. e5 Nh5 9. Nf3 Nxf4 10. Qxf4 c5 11. O-O-O d4 12. Ne4 Qd5 13. Nf6+ Bxf6 14.
exf6 Qf5 15. Qxf5 Bxf5 16. fxg7 Kxg7 17. Re1 Nc6 18. Bb5 Rac8 19. Bxc6 Rxc6 20. Re7 Rb8 21.
Rhe1 Kf8 22. Ne5 Rf6 23. Rc7 a5 24. Rxc5 b6 25. Rc7 Be6 26. f3 Rd8 27. Rc6 b5 28.
Nd3 Rf5 29. Rc5 Rxc5 30. Nxc5 Bd5 31. a3 b4 32. axb4 axb4 33. b3 Rc8 34. Nd7+ Kg7 35.
Nb6 Rc5 36. Re5 d3 37. Nxd5 Rxc2+ 38. Kd1 Rxg2 39. Nxb4 Rb2 40. Nxd3 Rxb3 41. Kc2 Ra3 42. h4 Ra2+ 43. Kc3 Rh2 44. Re4 Kg6 45. Kd4 Kh5 46.
Ke3 Rxh4 47. Re7 Kg6 48. Ra7 f6 49. Nf4+ Kh6 50. Ra6 Kg7 51. Ra7+ Kh6 52. Ke4 Rh1 53. Kf5 Rf1 54. Ra3 Kg7 55. Ne6+ Kf7 56. Nf4 Kg7 57. Nh5+ Kf7 58. Nxf6 Kg7 59. Ng4 Rb1 60. Ra7+ Kf8 61. Ne5 Rb6 62. Rxh7 Rb1 63. f4 Kg8 64. Ra7 Rf1 65. Ng4 Rg1 66. Nf6+ Kf8 67. Nd7+ Kg8 68. Ne5 Rf1 69. Kg5 Rg1+ 70. Kf6 Kh8 71. Ng6+ Kg8 72. Rg7# 1-0

[Event "Late-Titled-Tuesday-Blitz-June-04-2024"]
[Site "Chess.com"]
[Date "2024.06.04"]
[Round "8"]
[White "gmcorrales"]
[Black "NikitaShnadrygin"]
[Result "1-0"]
[WhiteElo "2880"]
[BlackElo "2707"]
[TimeControl "180+1"]
[EndTime "15:27:54 PDT"]
[Termination "gmcorrales won by resignation"]

1. b3 d5 2. Bb2 c5 3. e3 a6 4.
c4 d4 5. Qf3 Nc6 6. exd4 cxd4 7.
Bd3 g6 8. Be4 Bd7 9. Ne2 Bg7 10.
d3 e5 11. Nd2 Nge7 12. g4 O-O 13. h4 f5 14. gxf5 gxf5 15. Bd5+ Nxd5 16. Qxd5+ Kh8 17. Ba3 Re8 18. O-O-O Be6 19. Qxd8 Raxd8 20. Ng3 b5 21. f4 Bh6 22. fxe5 Nxe5 23. Kc2 Ng4 24. Rde1 Be3 25. Bb2 Kg8 26. Rhf1 Nh2 27. Rg1 Bxg1 28. Rxg1 Ng4 29.
Nh5 Kf7 30. Nf4 Rg8 31. Nf3 Ne3+ 32. Kd2 Rxg1 33. Nxg1 bxc4 34. dxc4 Ng4 35. Nf3 h6 36. Bxd4 Bc8 37. Kc3 Bb7 38. Ne1 Be4 39. b4 Nf6 40. a4 Rc8 41. b5 axb5 42. axb5 Nd5+ 43. Nxd5 Bxd5 44. c5 Be4 45. Kb4 Ke6 46. Kc4 f4 47. Nd3 Kf5 48. Nb4 f3 49. c6 Rd8 50. Bb6 Rd1 51. Kc3 Rc1+ 52. Kd2 Rb1 53. Kc3 Kg4 54. Nd3 Bxd3 55. Kxd3 Rb3+ 56. Kc4 Rb1 57. Kd5 Kxh4 58. c7 Rc1 59. Bc5 Rxc5+ 60. Kxc5 f2 61. c8=Q f1=Q 62. Qd8+ Kh5 63. b6 Qc1+ 64. Kd6 Qf4+ 65.
Kd7 Qf5+ 66. Kc7 Qc5+ 67. Kb8 Qe5+ 68. Qc7 Qe8+ 69. Kb7 Kg4 70. Qc8+ Qxc8+ 71. Kxc8 h5 72. b7 Kg3 73. b8=Q+ 1-0

[Event "Late-Titled-Tuesday-Blitz-June-04-2024"]
[Site "Chess.com"]
[Date "2024.06.04"]
[Round "8"]
[White "stolencandy13"]
[Black "harshu27"]
[Result "1-0"]
[WhiteElo "2634"]
[BlackElo "2535"]
[TimeControl "180+1"]
[EndTime "15:27:56 PDT"]
[Termination "stolencandy13 won by resignation"]

1. d4 Nf6 2. Bf4 d5 3. e3 c5 4. c3 Nc6 5. Nd2 Bf5 6. Qb3 Qb6 7. Ngf3 c4 8. Qxb6 axb6 9. a3 e6 10. Nh4 b5 11. Nxf5 exf5 12. Rb1 Ne4 13. f3 Nxd2 14.
Kxd2 Na5 15. g3 Nb3+ 16. Kc2 f6 17. h4 Kf7 18. Bg2 Be7 19. e4 Rad8 20. exf5 Bd6 21. Bxd6 Rxd6 22. Rbe1 Na5 23. f4 Nc6 24. Re6 Rhd8 25.
Rhe1 g6 26. fxg6+ hxg6 27. Rxd6 Rxd6 28. Bf3 Ne7 29. h5 f5 30. h6 Rd8 31. Re5 Kf6 32.
h7 Rh8 33. Bxd5 Nxd5 34. Rxd5 Rxh7 35. Rxb5 Rh2+ 36. Kb1 Rg2 37. Rb6+ Kg7 38. Rxb7+ Kh6 39. a4 Rxg3 40. a5 g5 41. fxg5+ Rxg5 42. a6 Rg8 43. Kc2 Kg5 44. a7 Ra8 45. Kd2 Kf4 46. d5 Ke5 47. Rf7 f4 48. d6 Kxd6 49. Rxf4 Rxa7 50. Rxc4 Rh7 51. Kc2 Kd5 52. Rc8 Rb7 53. b4 Kd6 54.
Kb3 Kd5 55. c4+ Kd6 56. b5 Rh7 57. Kb4 Rh4 58. Rc6+ Kd7 59. Rc5 Rh1 60. Rd5+ Kc7 61. Rg5 Rh4 62. Kc5 Rf4 63. Rg7+ Kc8 64. b6 Rf5+ 65. Kb4 Kb8 66. c5 Kc8 67. c6 Rf4+ 68.
Kc3 Kd8 69. b7 Rf3+ 70. Kc4 Rf4+ 71. Kc5 Rf5+ 72. Kd4 Rf4+ 73. Ke5 Rb4 74. Rg8+ Kc7 75. Rc8+ Kb6 76. b8=Q+ Ka5 77. Qxb4+ Kxb4 78. Kd6 1-0

[Event "Late-Titled-Tuesday-Blitz-June-04-2024"]
[Site "Chess.com"]
[Date "2024.06.04"]
[Round "8"]
[White "rionelG"]
[Black "MaxLeto"]
[Result "0-1"]
[WhiteElo "2311"]
[BlackElo "2441"]
[TimeControl "180+1"]
[EndTime "15:28:05 PDT"]
[Termination "MaxLeto won on time"]

1. e4 c5 2. Nf3 d6 3. d4 cxd4 4. Nxd4 Nf6 5. Nc3 a6 6. Bg5 Nbd7 7. f4 Qc7 8. Qe2 h6 9. Bxf6 gxf6 10. O-O-O e6 11. f5 Ne5 12. Qh5 Qe7 13. Nxe6 Bxe6 14.
fxe6 Qxe6 15. Nd5 O-O-O 16. g3 Kb8 17. Bh3 Qe8 18. Nxf6 Qa4 19. Kb1 Bg7 20. Rhf1 Bxf6 21. Rxf6 Qxe4 22. a3 Qc6 23. Qe2 h5 24. Bf5 h4 25. Be4 Qc5 26. g4 h3 27. Rd5 Qg1+ 28. Ka2 Qxg4 29. Qe1 Qd7 30. Qd2 Qc7 31. Rfxd6 Rxd6 32.
Rxd6 Qc4+ 33. b3 Qxe4 34. Rd8+ Rxd8 35. Qxd8+ Ka7 36. Qd6 Qxc2+ 37. Ka1 Nd3 38. Qd4+ Nc5 39. b4 Qc1+ 40. Ka2 Qc2+ 41. Ka1 b6 42. bxc5 Qxc5 43.
Qd7+ Kb8 44. Qxh3 Qc1+ 45. Ka2 Qc2+ 46. Ka1 Qc7 47. Qf3 Qxh2 48. Qxf7 Qc7 49. Qb3 Kb7 50. Ka2 a5 51. Qb2 Qc5 52. Ka1 Ka6 53. Ka2 Qc4+ 54.
Ka1 a4 55. Kb1 Qd3+ 56. Ka2 b5 57. Ka1 Qd1+ 58. Ka2 Qd3 59. Ka1 Qc4 60. Kb1 Qe4+ 61. Ka2 Kb6 62. Ka1 Kc5 63. Ka2 Qd3 64. Ka1 Kc4 65.
Qb4+ Kd5 66. Qb2 Ke4 67. Qb4+ Ke3 68. Qb2 Qc4 69. Qe5+ Kd3 70. Qb2 Qe4 71. Qxb5+ Kc2 72. Qb2+ Kd1 73. Qb4 Qc2 74. Qd4+ Kc1 0-1

[Event "Late-Titled-Tuesday-Blitz-June-04-2024"]
[Site "Chess.com"]
[Date "2024.06.04"]
[Round "8"]
[White "denizozen"]
[Black "Kirill_Klukin"]
[Result "1/2-1/2"]
[WhiteElo "2934"]
[BlackElo "2845"]
[TimeControl "180+1"]
[EndTime "15:28:19 PDT"]
[Termination "Game drawn by repetition"]

1. e4 e6 2. d4 d5 3. exd5 exd5 4.
Nf3 Nc6 5. Bb5 Bd6 6. c4 dxc4 7. d5 a6 8. Ba4 b5 9. dxc6 bxa4 10. O-O Ne7 11.
Qxa4 O-O 12. Nbd2 Rb8 13. a3 c3 14. bxc3 Be6 15. Nc4 Bxc4 16. Qxc4 Rb6 17. Bg5 h6 18. Bxe7 Qxe7 19. Rfe1 Qf6 20. a4 Rxc6 21. Qe2 Rxc3 22. Nd2 Rc2 23. Qd3 Qb2 24. Ne4 Rc6 25. g3 Qc2 26. Qd5 Qc4 27. Qf5 Rb8 28. Rab1 Rd8 29. a5 Bf8 30. Rbd1 Rxd1 31. Rxd1 Re6 32. f3 g6 33. Qf4 Qb4 34. Nf6+ Kg7 35. Ne4 Bc5+ 36. Kh1 Bd6 37. Qc1 f5 38. Nxd6 cxd6 39. Qc7+ Kf6 40. Qd8+ Kf7 41. Qd7+ Re7 42. Qc6 Qb7 43. Qxb7 Rxb7 44.
Rxd6 Ra7 45. Rb6 Kg7 46. f4 h5 47. Kg2 Rc7 48. Rxa6 Rc2+ 49. Kh3 Ra2 50. Ra7+ Kh6 51. Ra8 Kh7 52. a6 Kg7 53. a7 Kh7 54. Kh4 Rxh2+ 55.
Kg5 Ra2 56. Kf6 Ra1 57. Kg5 Ra2 58. Kf6 Ra3 59. Kf7 Ra1 60. Kf6 Ra3 61. Kf7 Ra6 62.
Ke7 Ra1 63. Kd7 Kg7 64. Kc6 Rc1+ 65. Kb6 Rb1+ 66. Kc5 Rc1+ 67. Kd4 Ra1 68. Kc5 Rc1+ 69. Kb4 Rb1+ 70. Ka3 Ra1+ 71. Kb2 Ra6 72. Kb3 Ra1 73. Kc4 Ra2 74. Kd5 Ra1 75. Kd4 Ra2 76. Kc3 Ra1 77. Kb3 Kh7 78. Kc2 Kg7 79. Kd3 Ra3+ 80. Kd4 Ra1 81. Kd5 Kh7 82. Kd6 Kg7 83. Ke7 Re1+ 84.
Kd7 Ra1 85. Kc6 Rc1+ 86. Kb6 Rb1+ 87. Kc5 Ra1 88. Kd5 Rd1+ 89. Kc4 Ra1 90. Kd4 Rd1+ 91. Kc4 Ra1 92. Kd4 1/2-1/2

[Event "Late-Titled-Tuesday-Blitz-June-04-2024"]
[Site "Chess.com"]
[Date "2024.06.04"]
[Round "8"]
[White "Chessdreamer2020"]
[Black "KNVB"]
[Result "0-1"]
[WhiteElo "2557"]
[BlackElo "2783"]
[TimeControl "180+1"]
[EndTime "15:28:45 PDT"]
[Termination "KNVB won by resignation"]

1. e4 e5 2. Nf3 Nc6 3. Bc4 Nge7 4. O-O Ng6 5. Re1 h6 6. d3 Bc5 7. Nc3 d6 8. Na4 Bb6 9. Nxb6 axb6 10. h3 O-O 11. c3 Qf6 12. d4 Nf4 13. dxe5 Nxe5 14. Nxe5 dxe5 15. Bxf4 Qxf4 16. Qc1 Qxc1 17. Raxc1 Rd8 18.
Rcd1 Bd7 19. a3 Kf8 20. f3 f6 21. Rd2 Be8 22. Red1 Rxd2 23. Rxd2 Ke7 24. Kf2 Bd7 25.
Ke3 g5 26. Bd5 c6 27. Bb3 h5 28. Rd1 h4 29. Rd2 Be8 30. Rd1 Ra5 31. Rd2 Rc5 32. Ba2 Bd7 33. Kd3 Ra5 34. Ke3 Ra8 35. Bc4 Re8 36.
Bb3 Kd8 37. Bf7 Re7 38. Bb3 Kc7 39. Bc4 Re8 40. Bb3 Ra8 41. Bc4 Ra5 42. Bb3 Rb5 43. Bc4 Rc5 44. Kd3 Ra5 45. Ke3 b5 46. Bf7 Ra8 47. Ke2 Rf8 48. Ba2 Ra8 49. Bb1 Be6 50.
Ke3 c5 51. Bd3 Kc6 52. Be2 Rf8 53. Bf1 Bb3 54. Be2 Ra8 55. Bd1 Bf7 56. Be2 Bg8 57. Bf1 Bb3 58. Be2 b4 59. axb4 cxb4 60. cxb4 Ra4 61. b5+ Kc7 62. Kd3 Rd4+ 63. Kc3 Rxd2 64.
Kxd2 Be6 65. Kc3 b6 66. Bc4 Bd7 67. Kb4 f5 68. exf5 Bxf5 69. Kc3 Kd6 70. b4 e4 71. fxe4 Bxe4 72. Bf1 Ke5 73. Kc4 Bd5+ 74. Kd3 Kf4 75. Kd4 Be4 76. Kc3 Kg3 77. Kd4 Bxg2 78. Be2 Kxh3 79.
Ke5 Kg3 80. Kf5 h3 81. Kxg5 h2 82. Kf5 h1=Q 83. Bd3 Qg1 84. Ke5 Qe3+ 85. Kd6 Qxd3+ 86. Kc7 Bf1 87. Kb8 Qxb5 88. Ka7 Kf2 89. Kb8 Ke1 90. Kb7 Ke2 91. Ka7 Kd1 92. Kb7 Kd2 93. Ka7 Kc1 94. Kb7 Kc2 95. Ka7 Kb1 96. Kb7 Kb2 97. Ka7 Ka1 98. Kb7 Ka2 99. Ka7 Ka3 100. Kb7 Kb3 101. Ka7 Kc3 102. Kb7 Kd3 103. Ka7 Ke3 104. Kb7 Kf3 105. Ka7 Kg3 106. Kb7 Kh3 107. Ka7 Kg4 108. Kb7 Kf4 109. Ka7 Ke4 110. Kb7 Bg2 111. Ka7 Qxb4 112. Kb7 b5 113. Ka7 Qd6 114. Kb7 b4 115. Ka7 Qc6 0-1

[Event "Late-Titled-Tuesday-Blitz-June-04-2024"]
[Site "Chess.com"]
[Date "2024.06.04"]
[Round "8"]
[White "Jagerrmeisterr"]
[Black "Love7Unicorn"]
[Result "1-0"]
[WhiteElo "2678"]
[BlackElo "2552"]
[TimeControl "180+1"]
[EndTime "15:29:35 PDT"]
[Termination "Jagerrmeisterr won by checkmate"]

1. e4 c5 2. Nc3 d6 3. f4 g6 4. Nf3 Bg7 5. a4 Nc6 6. Bb5 Bd7 7. O-O Nd4 8. Bxd7+ Qxd7 9. d3 e6 10.
e5 Nxf3+ 11. Qxf3 dxe5 12. fxe5 Bxe5 13. Ne4 Bd4+ 14. Kh1 f5 15. c3 Ne7 16. cxd4 fxe4 17. Qxe4 cxd4 18. Bg5 Qd5 19. Qf4 Nf5 20. Rae1 O-O 21. Qg4 Rae8 22. Kg1 e5 23. Re4 Nd6 24. Ree1 Rf5 25. Bh6 Re7 26. Qh4 Qe6 27. g4 Rxf1+ 28. Rxf1 Nf7 29. Rf6 Qd7 30. Bf8 Kxf8 31. Qxh7 Re6 32.
Qh8+ Ke7 33. Rxe6+ Qxe6 34. Qb8 Qd7 35. Qxa7 Kf6 36.
h3 Kg7 37. Qc5 Qe6 38. a5 Qf6 39. Qd5 Ng5 40. Kg2 Kh6 41. a6 Qf4 42. h4 bxa6 43.
hxg5+ Kxg5 44. Qd8+ Kxg4 45. Qd7+ Kh5 46. Qh7+ Kg5 47.
Qe7+ Qf6 48. Qh7 Qf4 49. Qe7+ Kh6 50. Qc5 e4 51. Qxd4 Qf3+ 52. Kh2 exd3 53. Qh8+ Kg5 54. Qe5+ Qf5 55. Qe7+ Kg4 56. Kg2 Qf3+ 57. Kh2 Qf2+ 58. Kh1 d2 59. Qd7+ Kf3 60. Qd3+ Qe3 61. Qf1+ Ke4 62. Qc4+ Qd4 63. Qe2+ Kf4 64. Qf1+ Ke4 65. Qe2+ Kd5 66. Qd1 Qe4+ 67. Kh2 Qe1 68. Qb3+ Ke4 69. Qc4+ Ke3 70. Qc5+ Ke2 71. Qc4+ Kd1 72. Qb3+ Kc1 73. Qc3+ Kb1 74. Qd3+ Ka1 75. Qa3+ Kb1 76. Qd3+ Kxb2 77. Qd4+ Kb3 78. Qd3+ Kb2 79. Qd4+ Kc1 80. Qc4+ Kd1 81. Qb3+ Ke2 82. Qc4+ Ke3 83. Qc3+ Kf2 84. Qf6+ Ke3 85. Qe5+ Kf3 86. Qf6+ Ke4 87. Qxg6+ Kd4 88. Qd6+ Kc4 89. Qxa6+ Kb4 90. Qb6+ Kc3 91. Qc5+ Kb2 92. Qb4+ Kc1 93. Qc3+ Kd1 94. Kg2 Qe2+ 95. Kg1 Qg4+ 96. Kf2 Qf4+ 97. Kg2 Ke2 98. Qc2 Qf3+ 99. Kh2 Qf1 100. Qe4+ Kd1 101.
Qb1+ Ke2 102. Qb5+ Kf2 103. Qf5+ Ke1 104. Qa5 Qf2+ 105. Kh3 Ke2 106. Qb5+ Ke1 107. Qa5 Qf3+ 108. Kh2 Qe2+ 109. Kg3 Qe3+ 110. Kg2 Ke2 111. Qh5+ Ke1 112. Qh1+ Ke2 113. Qf1# 1-0

[Event "Late-Titled-Tuesday-Blitz-June-04-2024"]
[Site "Chess.com"]
[Date "2024.06.04"]
[Round "9"]
[White "Aygehovit1992"]
[Black "Szparu"]
[Result "1-0"]
[WhiteElo "2830"]
[BlackElo "2967"]
[TimeControl "180+1"]
[EndTime "15:38:20 PDT"]
[Termination "Aygehovit1992 won by checkmate"]

1. e4 c5 2. Nc3 a6 3. d4 cxd4 4. Qxd4 Nc6 5. Qe3 Nf6 6. Nf3 d6 7. b3 g6 8. Bb2 Bg7 9. O-O-O O-O 10. h3 Qa5 11. Kb1 Be6 12. Ng5 Bd7 13. f4 Rac8 14.
Bc4 b5 15. Bxf7+ Rxf7 16. Nxf7 Kxf7 17. e5 Ne8 18. Rhe1 Nd8 19. exd6 Rxc3 20. Qxe7+ Kg8 21. Qxd7 Nf6 22. Bxc3 Qxc3 23. Qxd8+ Kf7 24. Re7# 1-0

[Event "Late-Titled-Tuesday-Blitz-June-04-2024"]
[Site "Chess.com"]
[Date "2024.06.04"]
[Round "9"]
[White "PapaieDudu"]
[Black "gamboajp"]
[Result "0-1"]
[WhiteElo "2325"]
[BlackElo "2120"]
[TimeControl "180+1"]
[EndTime "15:38:59 PDT"]
[Termination "gamboajp won by checkmate"]

1. Nf3 e6 2. d4 d5 3. c4 c5 4. Nc3 cxd4 5. Nxd4 e5 6. Nf3 d4 7. Ne4 f5 8. Ng3 f4 9. Ne4 Bf5 10.
Ned2 e4 11. Ng1 e3 12. fxe3 dxe3 13. Qa4+ Nc6 14. Ngf3 Bb4 15. a3 exd2+ 16. Nxd2 Qh4+ 17. g3 fxg3 18. hxg3 Bxd2+ 19. Bxd2 Qxh1 20. O-O-O Qe4 21.
Bc3 Nf6 22. e3 O-O 23. Qb3 Na5 24. Qa2 Qc2# 0-1